Map: Tokamak LE

Players

Gromit

  • Race: Protoss Protoss
  • League: Diamond
  • Spawn Location: 7:00

ZeN - Winner!

  • Race: Zerg Zerg
  • League: Master
  • Spawn Location: 1:00

VOD

Have the link to the VOD?

Description

Time

  • Played on: Nov. 1, 2025, 3:01 p.m.
  • Length: 14:22
Show
View Real Time Build Order
Export as new Build Order

Gromit Protoss 

Build Orders: 1 Gate Expand 

Get SALT Encoding   

  12  0:00  Probe  
  13  0:12  Probe  
  14  0:19  Pylon  
  14  0:24  Probe  
  15  0:38  Gateway  
  15  0:40  Probe  
  16  0:45  Assimilator  
  16  0:52  Probe  
  17  1:04  Probe  
  18  1:16  Probe  
  19  1:25  Nexus  
  19  1:32  Probe  
  20  1:40  Cybernetics Core  
  20  1:47  Pylon  
  20  1:53  Probe  
  21  2:02  Gateway  
  21  2:07  Adept  
  21  2:10  Assimilator  
  21  2:14  Probe  
  22  2:18  Warp Gate  
  24  2:28  Probe  
  25  2:40  Probe x2  
  25  2:41  Adept  
  29  2:47  Shield Battery  
  29  2:49  Probe  
  29  2:50  Probe  
  29  2:57  Probe  
  29  2:58  Probe  
  35  3:07  Probe x2  
  35  3:08  Twilight Council  
  35  3:19  Probe x2  
  37  3:21  Adept  
  37  3:25  Adept  
  41  3:31  Probe  
  41  3:32  Probe  
  43  3:37  Pylon  
  43  3:39  Gateway  
  43  3:44  Resonating Glaives  
  43  3:46  Probe  
  43  3:48  Probe  
  45  3:54  Assimilator  
  45  3:55  Adept  
  47  4:07  Adept  
  49  4:17  Gateway  
  49  4:20  Gateway, Robotics Facility  
  49  4:21  Pylon  
  49  4:30  Stalker  
  51  4:34  Stalker  
  53  4:40  Pylon  
  53  4:41  Probe x2  
  53  4:43  Pylon  
  55  4:48  Adept  
  57  4:53  Adept  
  59  5:01  Warp Prism  
  59  5:06  Adept  
  61  5:11  Nexus  
  61  5:13  Pylon  
  63  5:15  Charge  
  63  5:19  Probe x2  
  65  5:23  Assimilator  
  49  5:54  Stalker x5  
  53  6:05  Forge  
  53  6:06  Forge  
  53  6:07  Immortal  
  53  6:10  Probe x2  
  59  6:15  Shield Battery  
  59  6:17  Pylon  
  59  6:19  Stalker x2  
  59  6:23  Probe  
  59  6:24  Probe x2  
  66  6:32  Stalker x2  
  68  6:35  Zealot  
  72  6:43  Immortal  
  72  6:44  Photon Cannon  
  72  6:47  Photon Cannon  
  76  6:56  Blink  
  76  6:58  Protoss Ground Weapons Level 1  
  76  7:01  Probe x2, Protoss Ground Armor Level 1  
  77  7:02  Probe  
  77  7:04  Pylon  
  79  7:15  Probe x2  
  81  7:17  Probe  
  82  7:24  Zealot  
  82  7:25  Zealot  
  82  7:26  Zealot  
  82  7:29  Probe x2  
  90  7:30  Probe  
  90  7:36  Observer  
  92  7:39  Photon Cannon  
  92  7:47  Robotics Bay  
  92  7:50  Robotics Facility  
  92  7:53  Gateway  
  92  7:54  Probe  
  92  7:55  Probe x2  
  92  7:56  Gateway  
  95  7:59  Observer  
  95  8:04  Zealot x3  
  102  8:08  Probe x3  
  102  8:11  Assimilator  
  105  8:16  Templar Archives  
  105  8:26  Probe x3  
  108  8:31  Gateway  
  108  8:32  Pylon  
  108  8:35  Gateway  
  108  8:37  Gateway  
  108  8:48  Colossus  
  114  8:50  Colossus  
  114  8:52  Probe x3  
  122  8:55  Pylon  
  122  9:04  Pylon  
  122  9:13  Nexus  
  122  9:15  Pylon  
  122  9:17  Pylon  
  122  9:25  Zealot x7  
  122  9:31  Gateway  
  126  9:46  Extended Thermal Lance  
  126  9:49  Zealot x3  
  126  9:50  Zealot x6  
  109  10:11  Zealot  
  109  10:12  Zealot x8  
  127  10:20  Observer, Colossus  
  134  10:29  Probe x4  
  134  10:30  Psionic Storm  
  134  10:32  Photon Cannon  
  134  10:33  High Templar x4  
  134  10:34  High Templar  
  148  10:52  Zealot x5  
  118  11:21  Colossus  
  118  11:22  Colossus  
  101  11:44  Archon  
  97  11:47  Stalker x6  
  97  11:48  Stalker x3  
  94  12:24  Zealot x9  
  82  12:52  Immortal x2  
  82  12:56  Stalker x4  
  82  12:57  Stalker x5  
  102  13:11  Probe x3  
  105  13:17  Robotics Facility, Photon Cannon  
  105  13:18  Photon Cannon  
  105  13:19  Robotics Facility  
  105  13:22  Nexus  
  105  13:27  Zealot x6  
  105  13:28  Zealot x3  
  123  13:34  Immortal  
  123  13:41  Pylon  
  127  13:42  Probe  
  127  13:43  Probe x2  
  130  13:55  Probe  
  119  13:56  Zealot x2  
  119  13:57  Zealot x3  
  77  14:11  Zealot  
  77  14:12  Zealot x3  
Show
View Real Time Build Order
Export as new Build Order

ZeN Zerg - Winner!

Build Orders: Hatch First, Roach Hydra 

Get SALT Encoding   

  12  0:00  Drone  
  13  0:15  Overlord  
  13  0:18  Drone  
  14  0:33  Drone  
  14  0:34  Drone  
  16  0:49  Hatchery  
  15  0:53  Drone  
  15  0:56  Drone  
  17  1:00  Drone  
  18  1:10  Extractor  
  17  1:14  Spawning Pool  
  17  1:17  Drone  
  17  1:22  Drone  
  18  1:31  Drone  
  19  1:42  Overlord  
  19  2:01  Queen  
  19  2:02  Queen, Zergling x2  
  19  2:03  Zergling x2  
  19  2:06  Drone  
  26  2:21  Drone  
  27  2:26  Drone  
  27  2:27  Drone  
  29  2:31  Hatchery  
  29  2:35  Metabolic Boost  
  28  2:42  Queen  
  30  2:50  Queen  
  32  2:53  Drone  
  32  2:57  Overlord  
  33  3:03  Drone x2  
  33  3:05  Drone  
  36  3:14  Overlord  
  36  3:16  Drone  
  36  3:17  Drone x2  
  39  3:24  Drone x4  
  44  3:27  Drone  
  44  3:37  Overlord  
  44  3:38  Drone x2  
  46  3:43  Roach Warren  
  46  3:46  Extractor  
  46  3:48  Drone x3  
  47  4:01  Drone x7  
  47  4:02  Drone  
  55  4:09  Zergling x6  
  57  4:18  Lair  
  57  4:21  Drone  
  57  4:22  Drone x2  
  57  4:23  Drone  
  57  4:24  Drone x4  
  65  4:34  Overlord x3  
  65  4:38  Overlord  
  65  5:03  Drone  
  66  5:07  Evolution Chamber  
  66  5:08  Evolution Chamber  
  66  5:09  Zergling x2  
  66  5:10  Zergling x10, Roach x5  
  66  5:11  Zergling x4, Roach x3  
  66  5:12  Zergling x2, Hatchery  
  88  5:24  Drone  
  83  5:42  Overlord x3  
  78  5:56  Extractor  
  78  5:57  Extractor  
  74  5:58  Zerg Missile Weapons Level 1, Zerg Ground Armor Level 1  
  74  6:07  Queen  
  74  6:09  Drone x2  
  74  6:10  Drone x3  
  81  6:11  Drone x3  
  81  6:13  Drone x7  
  81  6:14  Drone x5  
  96  6:22  Queen  
  96  6:23  Queen  
  100  6:26  Extractor, Drone x3  
  100  6:27  Hatchery x2  
  100  6:30  Hydralisk Den  
  99  6:39  Zergling x4, Roach x2  
  105  6:42  Overseer x2  
  105  6:54  Extractor, Drone x3  
  107  6:55  Drone  
  107  6:56  Extractor, Drone x2  
  107  6:58  Drone x5  
  114  7:12  Zergling x4, Roach  
  118  7:21  Muscular Augments  
  118  7:24  Infestation Pit, Hydralisk  
  118  7:26  Overlord  
  118  7:27  Overlord x6  
  118  7:28  Overlord  
  119  7:30  Glial Reconstitution  
  119  7:44  Hydralisk x3  
  119  7:45  Zergling x2, Hydralisk, Roach x3  
  119  7:48  Roach  
  136  8:04  Zergling x2, Hydralisk x3  
  136  8:05  Zergling x8, Hydralisk, Roach x4  
  156  8:06  Roach  
  156  8:10  Overlord  
  159  8:16  Drone x2  
  159  8:17  Zerg Missile Weapons Level 2, Zerg Ground Armor Level 2  
  161  8:20  Hydralisk  
  161  8:21  Zergling x6, Roach x2  
  161  8:22  Zergling x20  
  161  8:25  Grooved Spines  
  180  8:34  Hydralisk x2  
  180  8:35  Zergling x4, Roach x2  
  180  8:39  Ravager  
  180  8:40  Ravager  
  192  8:53  Hive  
  192  8:55  Pneumatized Carapace  
  192  9:01  Hydralisk, Roach  
  192  9:02  Roach  
  198  9:07  Drone  
  199  9:17  Extractor, Hatchery  
  198  9:21  Extractor  
  196  9:25  Overlord x2  
  165  10:01  Hydralisk  
  165  10:02  Hydralisk, Roach x3  
  165  10:03  Roach x12  
  199  10:20  Ultralisk Cavern, Drone x2  
  199  10:21  Drone  
  195  10:35  Viper  
  198  10:43  Hatchery  
  198  10:47  Ravager x3  
  200  10:58  Zerg Ground Armor Level 3, Zerg Missile Weapons Level 3  
  176  11:19  Hydralisk x3  
  176  11:20  Hydralisk x4, Roach x4  
  176  11:21  Roach x3  
  190  11:48  Ultralisk  
  157  12:23  Hydralisk x3  
  157  12:24  Ultralisk x4, Hydralisk x2, Roach x4  
  157  12:25  Roach x2  
  157  12:26  Roach  
  170  12:45  Chitinous Plating  
  153  13:04  Hydralisk x3, Roach  
  153  13:05  Ultralisk, Roach x4  
  169  13:06  Zergling x4, Roach  
  169  13:07  Zergling x54  
  200  13:19  Extractor  
Tags
 
Add a new tag
Caveats
  • Supply blocks, unpowered buildings, or Contaminate may cause inaccurate times.
  • Supply counts are checked every 10 seconds.